 Dungeon Crawl Stone Soup version 0.20.1-1-g8b1a95d (webtiles) character file.

219 manon the Slasher (level 5, -11/48 HPs)
             Began as a Minotaur Fighter on Oct 31, 2017.
             Was a Follower of Ru.
             Mangled by Blork the orc
             ... wielding a +3 antimagic glaive
              (16 damage)
             ... on level 4 of the Dungeon.
             The game lasted 00:12:05 (2454 turns).

manon the Slasher (Minotaur Fighter)                Turns: 2454, Time: 00:12:05

Health: -11/48     AC:  6    Str: 20    XL:     5   Next: 64%
Magic:  0/4        EV:  7    Int:  8    God:    Ru [*.....]
Gold:   152        SH:  9    Dex: 11    Spells: 4/4 levels left

rFire    . . .     SeeInvis .   a - +1 long sword
rCold    . . .     Gourm    .   c - +0 shield
rNeg     . . .     Faith    .   b - +0 scale mail
rPois    .         Spirit   .   (helmet restricted)
rElec    .         Reflect  .   (no cloak)
rCorr    .         Harm     .   (no gloves)
MR       .....                  (no boots)
Stlth    ..........             (no amulet)
Regen    0.2/turn               v - +3 ring of intelligence
MPRegen  0.1/turn               h - ring of wizardry

@: lethally poisoned (-11 -> -13)
A: retaliatory headbutt, horns 2, hated by all
a: Renounce Religion


You were on level 4 of the Dungeon.
You worshipped Ru.
Ru was aware of your devotion.
You were not hungry.

You visited 1 branch of the dungeon, and saw 5 of its levels.

You collected 152 gold pieces.

Inventory:

Hand Weapons
 a - a +1 long sword (weapon)
 k - a +0 hunting sling
 D - a +3 mace
Missiles
 p - 21 poisoned needles
 w - 18 bolts
 y - 15 sling bullets
Armour
 b - a +0 scale mail (worn)
 c - a +0 shield (worn)
Jewellery
 h - a ring of wizardry (right hand)
 v - a +3 ring of intelligence (left hand)
Wands
 B - a wand of random effects (48/48)
Scrolls
 g - 2 scrolls of remove curse
 j - a scroll of enchant weapon
 l - a scroll of teleportation {unknown}
 o - a scroll of enchant armour {unknown}
 q - a scroll of amnesia
 t - 2 scrolls of identify
 x - a scroll of magic mapping {unknown}
Potions
 d - 2 potions of might
 e - a potion of mutation {unknown}
 m - 2 potions of curing {unknown}
 n - a potion of berserk rage {unknown}
 r - a potion of resistance
 z - a potion of flight {unknown}
 A - a potion of heal wounds {unknown}
Comestibles
 f - 2 bread rations
 s - a meat ration
 C - a chunk of flesh


   Skills:
 + Level 5.1 Fighting
 * Level 6.1 Long Blades
 - Level 3.6 Armour
 - Level 3.6 Shields


You had 4 spell levels left.
You didn't know any spells.

Dungeon Overview and Level Annotations

Branches:
Dungeon (5/15)
 Temple: D:4-7

Altars:
Cheibriados
Ru

Annotations:
D:3 flt's ghost, amateur OpTm
D:4 Blork the orc; Pikel


Innate Abilities, Weirdness & Mutations

You reflexively headbutt those who attack you in melee.
You have a pair of horns on your head.
You are hated by all.


Message History

It is a scroll of amnesia.
You feel forgetful for a moment.
You feel sick. Something hits you!
You feel your power leaking away. You block the worker ant's attack.
Something hits you!
* * * LOW HITPOINT WARNING * * *
As you read the scroll labeled DERANO VUGOSOX, it crumbles to dust.
It is a scroll of recharging.
Charge which item? (? for menu, Esc to quit)
Your wand of random effects (?/48) {zapped: 7} glows for a moment.
The worker ant is stunned by your will and fails to attack.
The orc hits you with a hand axe.
* * * LOW HITPOINT WARNING * * *
Something hits you.
* * * LOW HITPOINT WARNING * * *
You feel your power leaking away.
The worker ant bites you but does no damage.
As you read the scroll labeled LORRUWK SE FOO, it crumbles to dust.
The creatures around you are filled with an inner flame!
It was a scroll of immolation.
You feel sick. Something hits you!
You die...

...# ...# ...# ### ...# ...#
#...# #.######..# #..# #...#
#.....##..######..#########...#
#.....#....#..............$...#
..<...#....#..%..........(....#
......#....#..[..o............#
......#....#....@a............###
......'....#.....................
##..###################(.##..###.
##..###### ##'##### .........#
#.....o# .........# #.......#
.........# ####..#.# #...##...#
#..... ########.# ...####


You could see a worker ant (inner flame) and an orc (inner flame).

Vanquished Creatures
  A hound (D:4)
  A jelly (D:4)
  An iguana (D:5)
  7 adders
  2 worms
  2 dart slugs (D:1)
  2 leopard geckos
  An orc (D:4)
  2 giant cockroaches
  6 goblins
  10 hobgoblins
  4 jackals (D:2)
  6 kobolds
  3 quokkas
  7 bats
  4 frilled lizards
  4 rats
63 creatures vanquished.

Vanquished Creatures (others)
  A plant (D:3)
1 creature vanquished.

Grand Total: 64 creatures vanquished

Notes
Turn   | Place    | Note
-------+----------+-------------------------------------------
     0 | D:1      | manon the Minotaur Fighter began the quest for the Orb.
     0 | D:1      | Reached XP level 1. HP: 19/19 MP: 0/0
    82 | D:1      | Reached skill level 3 in Long Blades
   115 | D:1      | Reached XP level 2. HP: 27/27 MP: 1/1
   795 | D:2      | Reached XP level 3. HP: 32/33 MP: 2/2
   821 | D:2      | Found a sacrificial altar of Ru.
   839 | D:2      | Reached skill level 4 in Long Blades
   847 | D:2      | Became a worshipper of Ru the Awakened
  1289 | D:2      | Reached XP level 4. HP: 36/41 MP: 3/3
  1704 | D:3      | Found a snail-covered altar of Cheibriados.
  1737 | D:3      | Reached skill level 5 in Long Blades
  1948 | D:3      | Gained mutation: You are hated by all. [Ru sacrifice]
  1948 | D:3      | Reached * piety under Ru
  2117 | D:3      | Noticed flt's ghost (amateur OpTm)
  2167 | D:4      | Noticed a slave
  2167 | D:4      | Noticed Pikel
  2167 | D:4      | Noticed a slave
  2168 | D:4      | Noticed a slave
  2168 | D:4      | Noticed a slave
  2216 | D:4      | Reached XP level 5. HP: 47/47 MP: 4/4
  2323 | D:5      | Entered Level 5 of the Dungeon
  2328 | D:5      | Reached skill level 5 in Fighting
  2400 | D:5      | Noticed an ogre
  2405 | D:4      | Reached skill level 6 in Long Blades
  2439 | D:4      | Noticed Blork the orc
  2454 | D:4      | Mangled by Blork the orc

Skill      XL: |  1  2  3  4  5 |
---------------+----------------+-----
Long Blades    | 3 4 5 6 |  6.1
Fighting       | 4 5 |  5.1
Armour         | |  3.6
Shields        | |  3.6

Action                   |  1- 3 |  4- 6 || total
-------------------------+-------+-------++-------
Melee: Long sword        |    94 |    68 ||   162
       Headbutt          |     9 |    12 ||    21
Invok: Sacrifice Love    |       |     1 ||     1
Evoke: Wand              |       |     3 ||     3
  Use: Scroll            |       |     5 ||     5
  Eat: Chunk             |     1 |     3 ||     4
       Fruit             |       |     1 ||     1
Armor: Scale mail        |    47 |    33 ||    80
Dodge: Dodged            |    27 |    22 ||    49
Block: Shield            |    47 |    38 ||    85
       Rpst.: Long sword |     4 |     5 ||     9
